 Dungeon Crawl Stone Soup version 0.19-a0-1608-g4cf22de (webtiles) character file.

86 Alarkh the Grave Robber (level 4, -1/30 HPs)
             Began as a Mummy Necromancer on Sept 17, 2016.
             Slain by an orc priest
             ... wielding a +0 hand axe
              (5 damage)
             ... on level 2 of the Dungeon.
             The game lasted 00:02:41 (1854 turns).

Alarkh the Grave Robber (Mummy Necromancer)         Turns: 1854, Time: 00:02:42

Health: -1/30      AC:  5    Str: 11    XL:     4   Next: 26%
Magic:  0/8        EV: 11    Int: 15    God:
Gold:   80         SH:  0    Dex: 12    Spells: 2 memorised, 5 levels left

rFire  x . .     SeeInvis .     i - +0 rapier
rCold  + . .     Gourm    .     c - +2 leather armour {rPois}
rNeg   + + +     Faith    .     (no shield)
rPois  ∞         Spirit   .     (no helmet)
rElec  .         Dismiss  .     (no cloak)
rCorr  .         Reflect  .     (no gloves)
MR     .....     Harm     .     (no boots)
Stlth  ++........               (no amulet)
                                (no ring)
                                f - ring of stealth

@: very slightly contaminated
A: no food or potions, fire vulnerability, cold resistance 1, negative energy
resistance 3, torment resistance, unbreathing
a: no special abilities


You were on level 2 of the Dungeon.
You were not hungry.

You visited 1 branch of the dungeon, and saw 3 of its levels.

You collected 80 gold pieces.

Inventory:

Hand Weapons
 d - a +0 short sword
 i - a +0 rapier (weapon)
Armour
 a - a +0 robe
 c - a +2 leather armour of poison resistance (worn)
Jewellery
 f - a ring of stealth (left hand)
Wands
 j - a wand of random effects (25/48)
Scrolls
 e - 2 scrolls of remove curse
 g - a scroll of amnesia
 h - a scroll of random uselessness {unknown}
 k - a scroll of noise {unknown}
 l - a scroll of identify {unknown}
Books
 b - a book of Necromancy

   Spells                             Type                      Level
   a - Pain                           Necromancy                   1
   b - Animate Skeleton               Necromancy                   1
   c - Vampiric Draining              Necromancy                   3
   d - Regeneration                   Charms/Necromancy            3
   e - Animate Dead                   Necromancy                   4
   f - Control Undead                 Necromancy                   4


   Skills:
 - Level 1.5 Dodging
 - Level 1.5 Stealth
 + Level 3.2 Spellcasting
 + Level 5.0 Necromancy


You had 5 spell levels left.
You knew the following spells:

 Your Spells              Type           Power        Failure   Level  Hunger
a - Pain                  Necr           ###.         3%          1    N/A
b - Vampiric Draining     Necr           ###.......   12%         3    N/A

Dungeon Overview and Level Annotations

Branches:
Dungeon (3/15)

Altars:
Ru
Uskayaw
Yredelemnul

Annotations:
D:1 1 runed door


Innate Abilities, Weirdness & Mutations

You do not eat or drink.
Your flesh is vulnerable to fire.
You are immune to poison.
Your flesh is cold resistant. (rC+)
You are immune to negative energy. (rN+++)
You are immune to unholy pain and torment.
You can survive without breathing.


Message History

Press: ? - help, Shift-Dir - straight line, f/p - orc priest
Aim: an orc priest, wielding a hand axe and wearing a ring mail (severely wounded, chance to defeat MR: 76%)
The orc priest writhes in agony!
The orc priest hits you with a hand axe.
* * * LOW HITPOINT WARNING * * *
Casting: Pain
Confirm with . or Enter, or press ? or * to list all spells.
Aiming: Pain
Press: ? - help, Shift-Dir - straight line, f/p - orc priest
Aim: an orc priest, wielding a hand axe and wearing a ring mail (almost dead, chance to defeat MR: 76%)
The orc priest writhes in agony!
The orc priest looks braver for a moment.
Casting: Pain
Confirm with . or Enter, or press ? or * to list all spells.
Aiming: Pain
Press: ? - help, Shift-Dir - straight line, f/p - orc priest
Aim: an orc priest, wielding a hand axe and wearing a ring mail (almost dead, chance to defeat MR: 76%)
You miscast Pain.
Nothing appears to happen.
The orc priest hits you with a hand axe.
You die...

#####.# #...# ####..##.#######
#####.# #...#####........#
...##.# #.!.......##..#..# #####
##.##.####...#####.##..#..###....
##.#...............##......##....
.............).........#......†%.
........<....[.....#####.#.##...(
##.#####.#...#.###.......#.##....
#..# #.#.....o@).#######.######
#.## #.#..)#.##### #.# ## #.#
#.......# #.#####. #.# #.#...#.#
#.##.... #.# #.......####
#.....#. #.# #.#.....!..#
####)##. #.# ##...#.###.# #....
..# #.......##.# #.### ###
#.#..##.##.# #.###


You could see an orc priest.

Vanquished Creatures
  2 adders
  An ooze (D:1)
  A worm (D:2)
  3 leopard geckos
  An orc (D:3)
  6 giant cockroaches
  4 goblins
  8 hobgoblins
  6 jackals
  4 bats
  3 frilled lizards
  8 kobolds
  5 rats
52 creatures vanquished.

Notes
Turn   | Place    | Note
-------+----------+-------------------------------------------
     0 | D:1      | Alarkh the Mummy Necromancer began the quest for the Orb.
     0 | D:1      | Reached XP level 1. HP: 13/13 MP: 3/3
    54 | D:1      | Found a runed door.
   215 | D:1      | Reached XP level 2. HP: 19/19 MP: 3/5
   762 | D:1      | Reached XP level 3. HP: 24/24 MP: 2/7
  1029 | D:2      | Learned a level 3 spell: Vampiric Draining
  1166 | D:2      | Found a basalt altar of Yredelemnul.
  1240 | D:2      | Found a sacrificial altar of Ru.
  1305 | D:2      | Found a hide-covered altar of Uskayaw.
  1646 | D:3      | Reached XP level 4. HP: 30/30 MP: 3/8
  1716 | D:3      | Reached skill level 5 in Necromancy
  1854 | D:2      | Slain by an orc priest

Vault maps used:
D:1:      dpeg_arrival_caged_fury, serial_co_window_serial,
          co_window_of_opportunity_a, co_window_of_opportunity_a,
          co_window_of_opportunity_a, co_window_paths_a, co_window_paths_a,
          co_window_corner_a, co_window_2corner, co_window_cross_3,
          co_window_2corner, glass_columns_b, glass_columns_a, glass_columns_c
D:2:      yredelemnul_altar_generic, old_standard_altar, first_bread,
          nicolae_ru_the_path_less_chosen
D:3:      nicolae_overflow_hidden_temple, serial_glass, glass_columns_c,
          glass_columns_b, item_on_display_a, feat_on_display,
          minmay_strange_pillars, cheibrodos_gnoll_hut, uniq_crazy_yiuf_cottage,
          uniq_terence

Skill      XL: |  1  2  3  4 |
---------------+-------------+-----
Spellcasting   | 3 |  3.2
Necromancy     | 5 |  5.0
Dodging        | |  1.5
Stealth        | |  1.5

Action                   |  1- 3 |  4- 6 || total
-------------------------+-------+-------++-------
Melee: Unarmed           |    17 |       ||    17
       Short sword       |    44 |       ||    44
       Rapier            |       |    14 ||    14
 Cast: Pain              |    67 |    25 ||    92
  Use: Scroll            |     2 |       ||     2
Armor: Robe              |     2 |       ||     2
       Leather armour    |    27 |     9 ||    36
Dodge: Dodged            |    61 |    17 ||    78
